 Dungeon Crawl Stone Soup version 0.26-a0-830-g2a559e7be2 (webtiles) character file.

Game seed: 10357505738329603539

1243 Riddle the Ogre Mage (level 8, -5/67 HPs)
             Began as an Ogre Fire Elementalist on Nov 15, 2020.
             Slain by Duvessa
             ... wielding a cursed +0 short sword
              (18 damage)
             ... on level 4 of the Dungeon.
             The game lasted 00:15:43 (7901 turns).

Riddle the Ogre Mage (Ogre Fire Elementalist)       Turns: 7901, Time: 00:15:44

Health: -5/67      AC:  3    Str: 13    XL:     8   Next: 50%
Magic:  15/18      EV: 10    Int: 18    God:
Gold:   326        SH:  0    Dex:  9    Spells: 12/20 levels left

rFire    . . .     SeeInvis .   n - +2 whip (drain)
rCold    . . .     Faith    .   (no shield)
rNeg     . . .     Spirit   .   a - +0 robe
rPois    .         Reflect  .   (helmet restricted)
rElec    .         Harm     .   (no cloak)
rCorr    .         Rampage  .   (gloves unavailable)
MR       .....                  (boots unavailable)
Stlth    +.........             g - amulet of magic regeneration
HPRegen  0.21/turn              (no ring)
MPRegen  0.41/turn              (no ring)

@: no status effects
A: large, unfitting armour, tough skin 1
a: no special abilities


You were on level 4 of the Dungeon.
You visited 2 branches of the dungeon, and saw 6 of its levels.

You collected 326 gold pieces.

Inventory:

Hand Weapons
 n - a +2 whip of draining (weapon)
Armour
 a - a +0 robe (worn)
Jewellery
 g - an amulet of magic regeneration (around neck)
Wands
 d - a wand of disintegration (7)
 m - a wand of flame (15)
 p - a wand of random effects (11)
 q - a wand of iceblast (8)
Scrolls
 b - 5 scrolls of remove curse
 c - 8 scrolls of identify
 j - a scroll of immolation {unknown}
 k - a scroll of teleportation {unknown}
 l - a scroll of enchant armour {unknown}
 r - a scroll of enchant weapon {unknown}
Potions
 e - a potion of lignification {unknown}
 f - a potion of flight {unknown}
 i - a potion of degeneration {unknown}
 o - 3 potions of might {unknown}
 s - a potion of haste {unknown}


   Skills:
 - Level 1.7 Dodging
 - Level 1.4 Stealth
 + Level 6.9 Spellcasting
 + Level 5.4 Conjurations
 - Level 5.5 Fire Magic


You had 12 spell levels left.
You knew the following spells:

 Your Spells              Type           Power        Failure   Level
a - Foxfire               Conj/Fire      ####         1%          1
b - Conjure Flame         Conj/Fire      ####....     3%          3
c - Sticky Flame          Conj/Fire      ####....     12%         4

Your spell library contained the following spells:

 Spells                   Type           Power        Failure   Level
 Beastly Appendage        Tmut           #.....       11%         1
 Inner Flame              Hex/Fire       ###.....     11%         3
 Wereblood                Tmut           #.......     17%         2
 Spider Form              Tmut/Pois      #.........   32%         3
 Fireball                 Conj/Fire      ####......   32%         5
 Ice Form                 Ice/Tmut       #.......     73%         4
 Blade Hands              Tmut           #.........   97%         5


Dungeon Overview and Level Annotations

Branches:
Dungeon (5/15)             Temple (1/1) D:5

Altars:
Ashenzari
Cheibriados
Dithmenos
Elyvilon
Fedhas
Gozag
Hepliaklqana
Kikubaaqudgha
Makhleb
Nemelex Xobeh
Okawaru
Qazlal
Ru
Trog
Uskayaw
Vehumet
Xom
Yredelemnul
Zin
The Shining One

Annotations:
D:4 Duvessa


Innate Abilities, Weirdness & Mutations

You are too large for most types of armour.
You have tough skin. (AC +1)


Message History

Confirm with . or Enter, or press ? or * to list all spells.
Okay, then.
Casting: Foxfire (safe; 1% risk of failure)
Confirm with . or Enter, or press ? or * to list all spells.
Aiming: Sticky Flame (dangerous; 12% risk of failure)
Press: ? - help, Shift-Dir - straight line, f - Duvessa
Aim: Duvessa, wielding a +0 short sword and wearing a +0 leather armour (lightly wounded, berserk)
The sticky flame hits Duvessa!
Duvessa is moderately wounded.
Duvessa is covered in liquid flames!
Duvessa burns!
Duvessa hits you with a cursed +0 short sword!
* * * LOW HITPOINT WARNING * * *
Duvessa hits you with a cursed +0 short sword.
* * * LOW HITPOINT WARNING * * *
Unknown command.
Duvessa burns!
Duvessa burns!
Duvessa rages.
Duvessa hits you with a cursed +0 short sword!!
You die...

#..#.##.##.......#
#..#.##.#####.#### #..#.##.#
###.#### #.......###..[.... ###
###########............#.#.# ..#
#........".....##.##..###..# #.#
#.#####.###.#..##....## ##.#
#.####.#####.###.#.....#.## ##รท
................@#..##.##.## ##.#
#.####.#####.##.e#..##.##..###..#
..# #.#####.##..>........#.#.###
### #............>########...# #
##########.#### #...# ###
###..[....# #...# ..#
#####....<..#.# #...# #.#
#.....#.......# ######...### #.#
#.....#.......###...........


You could see Duvessa (berserk, burning).

Vanquished Creatures
  Grinder (D:4)
  Sigmund (D:4)
  2 eyes of draining (D:3)
  A phantom (D:4)
  2 big kobolds (D:5)
  Dowan (D:5)
  A scorpion (D:5)
  A bullfrog skeleton (D:5)
  2 hounds
  Ijyb (D:5)
  2 worker ants
  6 gnolls
  5 adders
  An ufetubus (D:5)
  An ooze (D:2)
  4 worms
  4 dart slugs
  2 leopard geckos (D:1)
  An orc (D:3)
  4 giant cockroaches
  10 goblins
  11 hobgoblins
  7 jackals
  19 kobolds
  4 quokkas
  2 ball pythons
  10 bats
  3 frilled lizards
  A quokka skeleton (D:4)
  8 rats
118 creatures vanquished.

Vanquished Creatures (collateral kills)
  A foxfire (D:2)
1 creature vanquished.

Vanquished Creatures (others)
  521 foxfires
521 creatures vanquished.

Grand Total: 640 creatures vanquished

Notes
Turn   | Place    | Note
-------+----------+-------------------------------------------
     0 | D:1      | Riddle the Ogre Fire Elementalist began the quest for the
                  | Orb.
     0 | D:1      | Reached XP level 1. HP: 16/16 MP: 3/3
    94 | D:1      | Reached skill level 1 in Conjurations
   272 | D:1      | Reached XP level 2. HP: 24/24 MP: 3/5
   842 | D:1      | Reached skill level 3 in Spellcasting
   842 | D:1      | Reached XP level 3. HP: 31/31 MP: 2/7
  1879 | D:2      | Reached XP level 4. HP: 26/39 MP: 0/8
  2391 | D:2      | Reached XP level 5. HP: 13/45 MP: 7/10
  3134 | D:3      | Noticed an eye of draining
  3135 | D:3      | Found a bloodstained altar of Trog.
  3135 | D:3      | Noticed an eye of draining
  3453 | D:3      | Found a faded altar of an unknown god.
  3533 | D:3      | Killed an eye of draining
  3534 | D:3      | Reached skill level 4 in Spellcasting
  3534 | D:3      | Reached XP level 6. HP: 53/53 MP: 1/12
  3544 | D:3      | Killed an eye of draining
  3652 | D:3      | Found a burning altar of Makhleb.
  3953 | D:4      | Noticed a phantom
  4379 | D:4      | Killed a phantom
  4380 | D:4      | Reached skill level 5 in Spellcasting
  4380 | D:4      | Reached XP level 7. HP: 59/59 MP: 10/14
  4417 | D:4      | Noticed Sigmund
  4432 | D:4      | Killed Sigmund
  4617 | D:4      | Found a basalt altar of Yredelemnul.
  4859 | D:4      | Noticed Grinder
  4881 | D:4      | Killed Grinder
  4882 | D:4      | Reached skill level 5 in Fire Magic
  4931 | D:4      | Found an iron altar of Okawaru.
  5476 | D:4      | Found a faded altar of an unknown god.
  5476 | D:4      | Found a snail-covered altar of Cheibriados.
  5481 | D:4      | Found a white marble altar of Elyvilon.
  5483 | D:4      | Found a hide-covered altar of Uskayaw.
  5484 | D:4      | Found an ancient bone altar of Kikubaaqudgha.
  5569 | D:5      | Entered Level 5 of the Dungeon
  5579 | D:5      | Noticed Ijyb
  5929 | D:5      | Reached XP level 8. HP: 62/67 MP: 14/16
  5966 | D:5      | Reached skill level 6 in Spellcasting
  6089 | D:5      | Killed Ijyb
  6266 | D:5      | Noticed Duvessa
  6266 | D:5      | Noticed Dowan
  6695 | D:5      | Found a staircase to the Ecumenical Temple.
  6736 | Temple   | Entered the Ecumenical Temple
  6925 | D:5      | Reached skill level 5 in Conjurations
  7595 | D:5      | Learned a level 3 spell: Conjure Flame
  7600 | D:5      | Learned a level 4 spell: Sticky Flame
  7747 | D:5      | Killed Dowan
  7901 | D:4      | Slain by Duvessa

Illustrated notes

Levels and vault maps discovered:
D:1:      minmay_arrival_widening_spiral_wide, layout_basic
D:2:      layout_rooms
D:3:      layout_loops_ring, trog_eyes_of_draining, lemuel_round_altar,
          chequers_ecumenical_altar_simple
D:4:      layout_loops_cross, kennysheep_mini,
          chequers_temple_overflow_minitemple, yredelemnul_altar_generic,
          uniq_sigmund, uniq_grinder
D:5:      cheibrodos_thug_alley, layout_basic, minmay_temple_entry_steel_oval,
          corexii_corridor_pit, uniq_duvessa, uniq_ijyb
Temple:   nicolae_temple_x_marks_the_god

Skill      XL: |  1  2  3  4  5  6  7  8 |
---------------+-------------------------+-----
Conjurations   | 1 2 3 4 5 |  5.4
Fire Magic     | 3 4 5 |  5.5
Spellcasting   | 3 4 5 6 |  6.9
Dodging        | |  1.7
Stealth        | |  1.4

Action                   |  1- 3 |  4- 6 |  7- 9 || total
-------------------------+-------+-------+-------++-------
Melee: Unarmed           |    22 |       |       ||    22
       Dagger            |     8 |       |       ||     8
       Short sword       |     1 |       |       ||     1
       Whip              |       |    17 |     2 ||    19
 Cast: Foxfire           |    90 |   120 |   111 ||   321
       Conjure Flame     |       |       |     1 ||     1
       Sticky Flame      |       |       |     1 ||     1
  Use: Potion            |       |       |     3 ||     3
       Scroll            |       |       |     2 ||     2
Armor: Robe              |    13 |    12 |    21 ||    46
Dodge: Dodged            |    42 |    17 |    45 ||   104

Table legend: (Time is in decaauts)
 A = Elapsed time spent in this place.
 B = Non-inter-level travel time spent in this place.
 C = Inter-level travel time spent in this place.
 D = Time resting spent in this place.
 E = Time spent auto-exploring this place.
 F = Levels seen in this place.
 G = Mean time per level.
                   A        B        C        D        E       F      G
               +--------+--------+--------+--------+--------+-----+--------+
         Total |   7905 |   7635 |    270 |   2589 |   3746 |   6 | 1317.5 |
       Dungeon |   7827 |   7566 |    261 |   2589 |   3696 |   5 | 1565.4 |
        Temple |     77 |     68 |      9 |      0 |     50 |   1 |   77.0 |
               +--------+--------+--------+--------+--------+-----+--------+

Top non-repeatable levels by time:
     D:4: 2020 daAuts
     D:5: 1884 daAuts
     D:1: 1783 daAuts
     D:2: 1072 daAuts
     D:3: 1065 daAuts
  Temple: 77 daAuts
